 Dungeon Crawl Stone Soup version 0.28.0-53-g5a82cb258f (webtiles) character file.

Game seed: 14112656139678580790

55938 Gabide the Martial Artist (level 14, 0/76 (81) HPs)
             Began as a Vine Stalker Monk on June 2, 2022.
             Was a Priest of Fedhas.
             Slain by an ettin
             ... wielding a +0 dire flail
              (25 damage)
             ... on level 12 of the Dungeon.
             The game lasted 00:52:32 (20716 turns).

Gabide the Martial Artist (Vine Stalker Monk)      Turns: 20716, Time: 00:52:39

HP:   0/76 (81)     AC: 15    Str: 15    XL:     14   Next: 79%
MP:   0/21          EV: 18    Int: 14    God:    Fedhas [***...]
Gold: 1099          SH:  0    Dex: 25    Spells: 13/13 levels left

rFire   . . .      SeeInvis .     - Unarmed
rCold   + . .      Faith    .   (no shield)
rNeg    . . .      Spirit   +   k - +4 scale mail of a Labyrinth {Int+4 Dex+4}
rPois   .          Reflect  .   O - +2 hat
rElec   .          Harm     .   y - +0 cloak
rCorr   .          Rampage  .   A - +0 pair of gloves
Will    +....                   (no boots)
Stlth   +.........              i - amulet of the acrobat
HPRegen 1.02/turn               V - ring of protection from cold
MPRegen 0.17/turn               T - +4 ring of slaying

@: drained
A: fangs 3, regeneration 1, magic shield, antimagic bite, no potion heal 2
a: Renounce Religion, Wall of Briars, Grow Ballistomycete


You were on level 12 of the Dungeon.
You worshipped Fedhas.
Fedhas was most pleased with you.
You visited 3 branches of the dungeon, and saw 19 of its levels.

You collected 1099 gold pieces.

Inventory:

Hand Weapons
 c - a +4 dagger
 h - a +3 demon trident of freezing
Missiles
 b - 13 poisoned darts (quivered)
 q - 8 javelins
 R - 2 throwing nets
Armour
 k - the +4 scale mail of a Labyrinth (worn) {Int+4 Dex+4}
   (You found it on level 2 of the Dungeon)

   Int:       It affects your intelligence (+4).
   Dex:       It affects your dexterity (+4).
 u - +0 steam dragon scales
 y - a +0 cloak (worn)
 z - a +1 robe of resistance
 A - a +0 pair of gloves (worn)
 O - a +2 hat (worn)
Jewellery
 i - an amulet of the acrobat (around neck)
 n - an amulet of faith
 B - a ring of poison resistance
 C - a +4 ring of evasion
 H - a ring of magical power
 I - a ring of resist corrosion
 L - the ring "Lain" {rN+ Dex+2}
   (You found it on level 2 of the Lair of Beasts)

   [ring of positive energy]

   Dex:       It affects your dexterity (+2).
   rN:        It protects you from negative energy.
 M - a +6 ring of intelligence
 S - a ring of fire
 T - a +4 ring of slaying (right hand)
 V - a ring of protection from cold (left hand)
Wands
 o - a wand of digging (9)
 r - a wand of flame (40)
 t - a wand of polymorph (8)
 J - a wand of paralysis (1)
Scrolls
 e - 4 scrolls of amnesia
 f - 3 scrolls of fog
 j - 3 scrolls of immolation
 p - 7 scrolls of teleportation
 s - 6 scrolls of vulnerability
 D - 4 scrolls of torment
 E - 4 scrolls of holy word
 G - a scroll of fear
 Q - 2 scrolls of magic mapping
Potions
 a - a potion of haste
 d - 4 potions of attraction
 g - 2 potions of mutation
 l - 5 potions of cancellation
 m - 3 potions of curing
 v - 3 potions of flight
 w - 5 potions of lignification
 x - a potion of resistance
 F - 2 potions of might
 U - a potion of brilliance {unknown}
 W - 3 potions of invisibility
Miscellaneous
 K - a tin of tremorstones (2/2)
 N - a lightning rod (4/4)


   Skills:
 + Level 12.8 Fighting
 - Level 4.0 Armour
 + Level 12.6 Dodging
 - Level 2.4 Stealth
 - Level 13.8 Unarmed Combat
 - Level 8.0 Invocations


You had 13 spell levels left.
You didn't know any spells.
Your spell library contained the following spells:

 Spells                   Type           Power      Damage    Failure   Level
 Shock                    Conj/Air       0%         1d3       71%         1
 Conjure Flame            Conj/Fire      0%         6-21      97%         3
 Dazzling Flash           Conj/Hex       0%         N/A       97%         3
 Gell's Gravitas          Tloc           0%         N/A       97%         3
 Ignite Poison            Fire/Tmut/Pois 0%         N/A       97%         3
 Inner Flame              Hex/Fire       0%         N/A       97%         3
 Swiftness                Air            0%         N/A       97%         3
 Teleport Other           Tloc           0%         N/A       97%         3
 Tukima's Dance           Hex            0%         N/A       97%         3
 Airstrike                Air            0%         N/A       100%        4
 Anguish                  Hex/Necr       0%         N/A       100%        4
 Cause Fear               Hex            0%         N/A       100%        4
 Passage of Golubria      Tloc           0%         N/A       100%        4
 Sticky Flame             Conj/Fire      0%         2d3       100%        4
 Summon Mana Viper        Hex/Summ       0%         N/A       100%        5
 Yara's Violent Unravell  Hex/Tmut       0%         3d3       100%        5
 Dispersal                Tloc           0%         N/A       100%        6
 Iron Shot                Conj/Erth      0%         9d1       100%        6
 Discord                  Hex            0%         N/A       100%        8


Dungeon Overview and Level Annotations

Branches:
Dungeon (12/15)            Temple (1/1) D:5            Lair (6/6) D:9
 Shoals (0/4) Lair:2       Spider (0/4) Lair:4        Slime (0/5) Lair:5
    Orc (0/2) D:11

Altars:
Ashenzari
Cheibriados
Dithmenos
Elyvilon
Fedhas
Gozag
Hepliaklqana
Kikubaaqudgha
Makhleb
Nemelex Xobeh
Okawaru
Qazlal
Ru
Sif Muna
Trog
Uskayaw
Vehumet
Wu Jian
Xom
Yredelemnul
Zin
The Shining One
Jiyva
Lugonu

Portals:
Abyss: D:6 Lair:6

Annotations:
D:6 2 transporters, kalagan's ghost, novice DECj
D:11 3 runed translucent doors, maxonian's ghost, journeyman SpEn
Lair:3 3 runed translucent doors, Kubamp's ghost, journeyman DEAE; NoAnimeNoLife's ghost, journeyman DECj; Xiemaice's ghost, journeyman DrFE


Innate Abilities, Weirdness & Mutations

You have razor-sharp teeth.
Your natural rate of healing is unusually fast.
When hurt, damage is shared between your health and your magic reserves.
Your bite disrupts and absorbs the magic of your enemies.
Potions cannot restore your health.


Message History

Found an amulet of the acrobat.
You see here a +0 morningstar.
You see here a +0 mace.
The ettin completely misses you. x2
Unknown command.
Press: ? - help, v - describe, . - travel A rock wall.
There is a stone staircase leading up here.
Unknown command.
Throw: 14 darts (poison)
Press: ? - help, Q - select action, (/) - cycle Shift-Dir - straight line, f - ettin
Aim: an ettin, wielding two +0 dire flails (87% to hit)
You throw a poisoned dart. The poisoned dart hits the ettin.
The ettin is poisoned.
The ettin misses you. The ettin closely misses you.
You climb upwards.
Level annotation: 3 runed translucent doors, maxonian's ghost, journeyman SpEn
There is a stone staircase leading down here.
You punch the ettin! You bite the ettin! You drain its power.
You feel invigorated.
The ettin is heavily wounded.
The ettin looks more healthy.
The ettin barely misses you. The ettin misses you.
You hit the ettin. You bite the ettin, but do no damage.
The ettin is severely wounded.
The ettin completely misses you. The ettin barely misses you.
You punch the ettin! You punch the ettin. You bite the ettin.
You kill the ettin!
Fedhas appreciates your contribution to the ecosystem.
Things that are here:
a +0 dire flail; a +0 dire flail; an ettin corpse
There is a stone staircase leading down here.
You start resting.
HP restored.
You climb downwards.
The ettin hits you with a +0 dire flail!!
The ettin hits you with a +0 great mace of draining!!
You feel drained.
The ettin hits you with a +0 dire flail!!
You die...
Fedhas appreciates your contribution to the ecosystem.

.. #
#..................##.....
.#
#......#.####...#..##.....
#
#......#..#.......########
####.####.....#.### ##
.######..C.....###...# ##.
.........####..#
###.######.. ..#####.##
##(.# ##.....#.... #.#
##C..###.>.........
#.###.@#.##.>..........
##C#...##.##............
#..#.####.##.........>..
#.#..# #.##............
#.#.## #.##.>..........
....#####.###...........
..#####.............#....
..^ #......#.#..#######
#... #...........#


You could see an ettin.

Vanquished Creatures
  A frost giant (D:12)
  An ettin (D:11)
  7 hydras
  3 boulder beetles
  2 two-headed ogres
  9 death yaks
  3 thrashing horrors (Lair:6)
  A fire crab (shapeshifter) (Lair:6)
  A deep elf archer (D:12)
  2 large abominations (Lair:6)
  2 ugly things (Lair:6)
  2 cyclopes
  6 elephants (Lair:6)
  A merfolk siren (Lair:2)
  5 black mambas
  Joseph (D:10)
  A torpor snail (Lair:3)
  A gargoyle (D:12)
  Maurice (D:9)
  11 cane toads
  Maggie (D:6)
  4 unseen horrors
  A komodo dragon (shapeshifter) (Lair:6)
  Psyche (D:10)
  4 komodo dragons
  2 rime drakes (Lair:6)
  2 ancient zymes (Lair:6)
  A tarantella (Lair:6)
  A hornet (D:9)
  A queen bee (Lair:6)
  2 polar bears
  3 trolls
  A meliai (D:12)
  14 blink frogs
  5 dream sheep
  A slime creature (D:12)
  A centaur simulacrum (D:12)
  A spriggan (Lair:6)
  A wraith (D:10)
  A shadow (D:12)
  7 wyverns
  53 yaks
  A yak (shapeshifter) (Lair:6)
  7 basilisks
  2 chaos spawn (Lair:6)
  A golden eye (shapeshifter) (Lair:6)
  2 steam dragons
  A vampire mosquito (D:6)
  2 redbacks (Lair:4)
  Edmund (D:5)
  Duvessa (D:7)
  8 water moccasins
  6 orc warriors
  2 ice beasts (D:6)
  4 centaurs
  20 wolves
  4 ogres
  A lemure (D:6)
  A phantom (D:5)
  7 bullfrogs
  A gnoll sergeant (D:11)
  A scorpion (D:6)
  A wyvern zombie (D:7)
  2 wyvern skeletons (D:7)
  2 water moccasin skeletons
  Dowan (D:7)
  2 howler monkeys
  An electric eel (Lair:1)
  2 centaur zombies
  3 hounds
  3 jellies
  8 orc priests
  3 centaur skeletons
  2 iguanas (D:5)
  10 orc wizards
  10 small abominations (Lair:6)
  A killer bee zombie (D:6)
  A howler monkey zombie (D:8)
  5 adders
  3 gnolls (D:11)
  A shadow imp (D:5)
  A white imp (D:5)
  An adder skeleton (D:2)
  4 dart slugs
  52 orcs
  3 ball pythons
  5 endoplasms
  5 giant cockroaches
  7 goblins
  9 hobgoblins
  4 quokkas
  7 bats
  3 frilled lizards (D:1)
  5 kobolds
  7 rats
  2 ballistomycete spores (Lair:6)
418 creatures vanquished.

Vanquished Creatures (collateral kills)
  Pikel (D:6)
  A komodo dragon (Lair:5)
  A vampire mosquito (D:6)
  An orc warrior (D:9)
  Crazy Yiuf (D:7)
  3 orcs (D:9)
  35 ballistomycete spores
43 creatures vanquished.

Vanquished Creatures (others)
  A wolf (Lair:2)
  3 ballistomycete spores
  A bush (Lair:3)
  34 fungi
  46 plants
  2 withered plants (Lair:3)
87 creatures vanquished.

Grand Total: 548 creatures vanquished

Notes
Turn   | Place    | Note
-------+----------+-------------------------------------------
     0 | D:1      | Gabide the Vine Stalker Monk began the quest for the Orb.
     0 | D:1      | Reached XP level 1. HP: 11/11 MP: 2/2
    65 | D:1      | Reached XP level 2. HP: 14/16 MP: 3/3
   377 | D:1      | You fall into a shaft and drop 1 floor!
   499 | D:1      | Reached XP level 3. HP: 12/20 MP: 4/4
  1112 | D:2      | Gained mutation: Your natural rate of healing is unusually
                  | fast. [Vine Stalker growth]
  1112 | D:2      | Reached XP level 4. HP: 24/24 MP: 5/5
  1291 | D:2      | Found a faded altar of an unknown god.
  1419 | D:2      | Identified the +4 scale mail of a Labyrinth {Int+4 Dex+4}
  1534 | D:2      | Reached skill level 4 in Unarmed Combat
  1534 | D:2      | Reached XP level 5. HP: 29/29 MP: 6/6
  2242 | D:3      | Noticed an ogre
  2249 | D:3      | Killed an ogre
  2250 | D:3      | Reached XP level 6. HP: 20/33 MP: 3/7
  3513 | D:5      | Entered Level 5 of the Dungeon
  3521 | D:5      | Reached skill level 5 in Unarmed Combat
  3521 | D:5      | Reached XP level 7. HP: 38/38 MP: 8/8
  3564 | D:5      | Found a staircase to the Ecumenical Temple.
  3594 | Temple   | Entered the Ecumenical Temple
  3695 | Temple   | Became a worshipper of Fedhas Madash
  3695 | Temple   | Reached * piety under Fedhas
  3695 | Temple   | Reached ** piety under Fedhas
  4074 | D:5      | Killed an unseen horror
  4075 | D:5      | Reached skill level 5 in Fighting
  4201 | D:5      | Gained mutation: You have razor-sharp teeth. [Vine Stalker
                  | growth]
  4201 | D:5      | Reached XP level 8. HP: 39/44 MP: 6/9
  4482 | D:5      | Noticed Edmund
  4495 | D:5      | Killed Edmund
  4496 | D:5      | Reached skill level 5 in Dodging
  4496 | D:5      | Reached skill level 6 in Unarmed Combat
  4810 | D:6      | Found a transporter.
  4837 | D:6      | Noticed a cyan ugly thing
  4872 | D:6      | Noticed a thrashing horror
  4873 | D:6      | Noticed kalagan's ghost (novice DECj)
  4875 | D:6      | Noticed a toenail golem
  4884 | D:6      | Found a one-way gate to the infinite horrors of the Abyss.
  5066 | D:6      | Noticed Pikel
  5121 | D:6      | Killed Pikel
  5122 | D:6      | Reached skill level 7 in Unarmed Combat
  5122 | D:6      | Reached XP level 9. HP: 23/49 MP: 2/10
  5206 | D:6      | Found a transporter.
  5302 | D:6      | Noticed Maggie
  5329 | D:6      | Killed Maggie
  5330 | D:6      | Reached skill level 8 in Unarmed Combat
  5698 | D:7      | Reached *** piety under Fedhas
  5715 | D:7      | Noticed Dowan
  5716 | D:7      | Noticed Duvessa
  5729 | D:7      | Killed Duvessa
  5730 | D:7      | Reached XP level 10. HP: 56/56 MP: 11/11
  5731 | D:7      | Killed Dowan
  6311 | D:7      | Found a runed translucent door.
  6312 | D:7      | Noticed Crazy Yiuf
  6539 | D:7      | Killed Crazy Yiuf
  6959 | D:8      | Reached skill level 9 in Unarmed Combat
  7096 | D:8      | Found a radiant altar of Vehumet.
  7217 | D:8      | Noticed a two-headed ogre
  7236 | D:8      | Killed a two-headed ogre
  7743 | D:9      | Noticed Maurice
  7757 | D:9      | Killed Maurice
  7806 | D:9      | Found a staircase to the Lair.
  7811 | D:9      | Reached **** piety under Fedhas
  8249 | D:10     | Entered Level 10 of the Dungeon
  8250 | D:10     | Noticed Joseph
  8264 | D:10     | Killed Joseph
  8265 | D:10     | Reached skill level 10 in Unarmed Combat
  8265 | D:10     | Reached XP level 11. HP: 55/62 MP: 8/12
  8425 | D:10     | Noticed a two-headed ogre
  8437 | D:10     | Killed a two-headed ogre
  8753 | Lair:1   | Entered Level 1 of the Lair of Beasts
  9480 | Lair:1   | Got the Volume of the Entrancing Mountains
 10398 | Lair:2   | Reached skill level 10 in Fighting
 10498 | Lair:2   | Reached skill level 11 in Unarmed Combat
 10519 | Lair:2   | Noticed a four-headed hydra
 10527 | Lair:2   | Killed a four-headed hydra
 10528 | Lair:2   | Identified the ring "Lain" {rN+ Dex+2}
 10745 | Lair:2   | Reached XP level 12. HP: 33/68 MP: 13/13
 11165 | Lair:2   | Found a staircase to the Shoals.
 11419 | Lair:3   | Reached ***** piety under Fedhas
 11432 | Lair:3   | Reached skill level 10 in Dodging
 11500 | Lair:3   | Noticed an eight-headed hydra
 11508 | Lair:3   | Killed an eight-headed hydra
 11614 | Lair:3   | Noticed a seven-headed hydra
 11642 | Lair:3   | Killed a seven-headed hydra
 11853 | Lair:3   | Reached skill level 12 in Unarmed Combat
 11920 | Lair:3   | Noticed a death yak
 11920 | Lair:3   | Noticed a death yak
 11938 | Lair:3   | Killed a death yak
 11987 | Lair:3   | Noticed a death yak
 11987 | Lair:3   | Noticed a death yak
 12019 | Lair:3   | Killed a death yak
 12070 | Lair:3   | Killed a death yak
 12194 | Lair:3   | Killed a death yak
 12429 | Lair:3   | Found a runed translucent gate.
 12429 | Lair:3   | Found a runed translucent gate.
 12429 | Lair:3   | Found a runed translucent gate.
 12430 | Lair:3   | Noticed NoAnimeNoLife's ghost (journeyman DECj)
 12430 | Lair:3   | Noticed Kubamp's ghost (journeyman DEAE)
 12430 | Lair:3   | Noticed Kubamp's ghost (journeyman DEAE)
 12430 | Lair:3   | Noticed Xiemaice's ghost (journeyman DrFE)
 12934 | Lair:4   | Found a hole to the Spider Nest.
 13356 | Lair:5   | Found a staircase to the Slime Pits.
 13356 | Lair:5   | Found a viscous altar of Jiyva.
 13538 | Lair:5   | Reached XP level 13. HP: 74/74 MP: 14/14
 14143 | Lair:6   | Entered Level 6 of the Lair of Beasts
 14248 | Lair:5   | Reached skill level 13 in Unarmed Combat
 14539 | Lair:5   | HP: 3/75 [cane toad (6)]
 14544 | Lair:5   | HP: 1/75 [black mamba (6)]
 15046 | Lair:5   | Reached skill level 1 in Invocations
 15121 | Lair:6   | Noticed Sonja
 15123 | Lair:6   | Noticed Sonja
 15123 | Lair:6   | Sonja changed into Sonja the tarantella
 15128 | Lair:6   | Killed Sonja the tarantella
 15461 | Lair:5   | Reached skill level 5 in Invocations
 16808 | Lair:6   | Reached XP level 14. HP: 80/80 MP: 21/21
 17103 | Lair:6   | Found a blossoming altar of Fedhas.
 17642 | Lair:6   | Noticed a broodmother
 17655 | Lair:6   | a broodmother changed into a shapeshifter
 18517 | Lair:6   | Found a corrupted altar of Lugonu.
 19297 | D:10     | Noticed Psyche
 19305 | D:10     | Killed Psyche
 19695 | D:11     | Reached skill level 1 in Armour
 19725 | D:11     | Found a staircase to the Orcish Mines.
 19874 | D:11     | Found a runed translucent gate.
 19874 | D:11     | Found a runed translucent gate.
 19874 | D:11     | Found a runed translucent gate.
 19874 | D:11     | Noticed maxonian's ghost (journeyman SpEn)
 19921 | D:11     | Found a gate leading to a gauntlet.
 20616 | D:12     | Noticed a frost giant
 20640 | D:12     | Killed a frost giant
 20716 | D:12     | Slain by an ettin

Illustrated notes

Levels and vault maps discovered:
D:1:      tarquinn_simple_flora_water_e, layout_rooms,
          minmay_misc_feat_secret_circle
D:2:      layout_loops_ring, shapermc_ecumenical_altar_ellora
D:3:      layout_loops_corners
D:4:      layout_gridville
D:5:      layout_loops_ring, minmay_temple_entry_junction, serial_glass,
          glass_columns_b, glass_columns_a, kennysheep_opposing_triangles,
          uniq_edmund
D:6:      layout_rooms, gammafunk_ghost_abyssal_escape, minmay_misc_feat_square,
          supply_closet_lemuel, lightli_orcish_oven, uniq_maggie, uniq_pikel
D:7:      layout_loops_ring, serial_co_window_serial, co_window_corner_a,
          co_window_cross_1, co_window_paths_a, co_window_paths_a,
          co_window_of_opportunity_a, co_window_corner_cb,
          co_window_unsneaky_path_a, co_window_corner_b, co_window_corner_b,
          glass_columns_c, glass_columns_b, glass_columns_a, glass_columns_a,
          uniq_crazy_yiuf_cottage, uniq_duvessa
D:8:      layout_rooms, nicolae_vehumet_altar_sigil
D:9:      layout_irregular_city, lair_entry_dummy, uniq_maurice
D:10:     layout_cave_pools, uniq_joseph, uniq_psyche
D:11:     layout_cross, orc_0_dummy, gammafunk_ghost_nasty_kobolds,
          gauntlet_entry_generic
D:12:     minmay_bad_star, layout_rooms, serial_glass, glass_columns_a,
          glass_columns_a
Temple:   mainiacjoe_temple_trianglar_array
Lair:1:   layout_cave_pods, grunt_megastairs_3, serial_bayou_shore_a,
          lemuel_fruit_fields
Lair:2:   layout_loops_ring, minmay_shoals_entry_lonely_mermaid
Lair:3:   layout_roguey, gammafunk_ghost_cemetery
Lair:4:   layout_gridlike, spider_nest_entry_webs, minmay_holes
Lair:5:   layout_hall_layers, slime_altar_1
Lair:6:   hellmonk_lair_end_abyssal_woods, layout_gridlike, tgw_fedhas,
          grunt_megastairs_5, uniq_sonja

Skill      XL: |  1  2  3  4  5  6  7  8  9 10 11 12 13 14 |
---------------+-------------------------------------------+-----
Fighting       | 3 4 5 6 7 9 10 11 12 | 12.8
Dodging        | 3 4 6 7 8 9 10 12 | 12.6
Unarmed Combat | 4 5 7 8 10 11 12 13 | 13.8
Invocations    | 8 |  8.0
Armour         | 4 |  4.0
Stealth        | |  2.4

Action                   |  1- 3 |  4- 6 |  7- 9 | 10-12 | 13-15 || total
-------------------------+-------+-------+-------+-------+-------++-------
Melee: Unarmed           |    76 |       |       |    89 |   595 ||   760
       Bite              |    25 |    18 |    61 |   217 |   299 ||   620
       Punch             |     4 |     2 |    11 |    37 |    76 ||   130
       Demon trident     |    12 |    85 |   219 |   485 |    33 ||   834
Throw: Dart              |     5 |     5 |     5 |    65 |    96 ||   176
       Javelin           |       |       |     4 |     2 |    14 ||    20
       Throwing net      |       |       |     1 |       |       ||     1
Invok: Wall of Briars    |       |       |     3 |    10 |    11 ||    24
       Grow Ballistomyce |       |       |       |       |    10 ||    10
Evoke: Wand              |       |       |       |    23 |    13 ||    36
  Use: Scroll            |     3 |     7 |     1 |     9 |    14 ||    34
       Potion            |       |       |     1 |       |     7 ||     8
 Stab: Sleeping          |     2 |     4 |     1 |     4 |     1 ||    12
       Invisible         |       |       |     1 |       |       ||     1
       Confused          |       |       |       |       |     5 ||     5
       Distracted        |       |       |       |       |     1 ||     1
Armor: Robe              |    17 |     1 |       |       |       ||    18
       Scale mail        |       |    20 |    82 |   220 |   186 ||   508
Dodge: Dodged            |    65 |    46 |   152 |   543 |   750 ||  1556
